 Dungeon Crawl Stone Soup version 0.21.1-1-g345015fe64 (webtiles) character file.

43 LevaFresel the Bolt Thrower (level 3, 0/22 HPs)
             Began as a Kobold Hunter on June 9, 2018.
             Slain by a hound (1 damage)
             ... on level 3 of the Dungeon.
             The game lasted 00:05:16 (1410 turns).

LevaFresel the Bolt Thrower (Kobold Hunter)         Turns: 1410, Time: 00:05:17

Health: 0/22       AC:  6    Str: 10    XL:     3   Next: 82%
Magic:  3/3        EV: 11    Int: 12    God:
Gold:   77         SH:  0    Dex: 15    Spells: 2/2 levels left

rFire    . . .     SeeInvis .   a - +1 hand crossbow
rCold    . . .     Gourm    .   (shield restricted)
rNeg     . . .     Faith    .   g - +0 scale mail
rPois    .         Spirit   .   (no helmet)
rElec    .         Reflect  .   (no cloak)
rCorr    .         Harm     .   (no gloves)
MR       .....                  (no boots)
Stlth    ..........             (no amulet)
HPRegen  0.07/turn              (no ring)
MPRegen  0.08/turn              (no ring)

@: no status effects
A: small, carnivore
a: no special abilities


You were on level 3 of the Dungeon.
You were very full.

You visited 1 branch of the dungeon, and saw 4 of its levels.

You collected 77 gold pieces.

Inventory:

Hand Weapons
 a - a +1 hand crossbow (weapon)
 b - a +0 short sword
Missiles
 d - 13 bolts (quivered)
Armour
 c - a +0 leather armour
 g - a +0 scale mail (worn)
 n - a +0 helmet
 r - a +0 helmet
Wands
 s - a wand of paralysis (10)
Scrolls
 i - 5 scrolls of identify {unknown}
 j - a scroll of magic mapping {unknown}
 k - a scroll of blinking {unknown}
 m - a scroll of teleportation {unknown}
 o - 2 scrolls of remove curse {unknown}
 p - a scroll of amnesia {unknown}
Potions
 e - a potion of mutation {unknown}
 h - a potion of lignification {unknown}
 l - a potion of resistance {unknown}
Comestibles
 f - a ration
 q - 2 chunks of flesh


   Skills:
 + Level 2.6 Fighting
 + Level 1.4 Short Blades
 * Level 5.3 Crossbows
 + Level 0.7 Armour
 + Level 2.9 Dodging
 - Level 1.3 Stealth


You had 2 spell levels left.
You didn't know any spells.

Dungeon Overview and Level Annotations

Branches:
Dungeon (4/15)
 Temple: D:4-7

Altars:


Innate Abilities, Weirdness & Mutations

You are small and have problems with some larger weapons.
You are carnivorous and can eat meat at any time.


Message History

a - a +1 hand crossbow (weapon)
The hound bites you but does no damage.
Firing (i - inventory):
d - 16 bolts (quivered)
Press: ? - help, Shift-Dir - straight line, f/p - hound
Aim: a hound You shoot a bolt.
The bolt barely misses the hound.
The hound bites you.
* * * LOW HITPOINT WARNING * * *
The hound barely misses you.
Firing (i - inventory):
d - 15 bolts (quivered)
Press: ? - help, Shift-Dir - straight line, f/p - hound
Aim: a hound You shoot a bolt.
The bolt hits the hound.
The hound is moderately wounded.
The hound misses you.
Firing (i - inventory):
d - 14 bolts (quivered)
Press: ? - help, Shift-Dir - straight line, f/p - hound
Aim: a hound (moderately wounded)
You shoot a bolt. The bolt misses the hound.
The hound barely misses you. The hound bites you.
You die...

# #. ..#.######
.......>######
.>............##
##..#.#........#
............#..#
#....#.###.#..#
.....#.###'#..##.#
#... #.#...@h)..(#
.... +<......?...#
##. ###.........#
#.........#
#.........#
#.........#
##.........#
#.......#.#


You could see a hound.

Vanquished Creatures
  An adder (D:2)
  An ooze (D:1)
  A worm (D:1)
  4 goblins
  3 hobgoblins (D:1)
  A quokka (D:2)
  3 bats
  4 frilled lizards
  5 kobolds
  4 rats
27 creatures vanquished.

Notes
Turn   | Place    | Note
-------+----------+-------------------------------------------
     0 | D:1      | LevaFresel the Kobold Hunter began the quest for the Orb.
     0 | D:1      | Reached XP level 1. HP: 12/12 MP: 1/1
   377 | D:1      | Reached skill level 5 in Crossbows
   377 | D:1      | Reached XP level 2. HP: 17/17 MP: 2/2
   704 | D:1      | Reached skill level 1 in Short Blades
   730 | D:1      | Reached XP level 3. HP: 22/22 MP: 3/3
  1408 | D:3      | HP: 1/22 [hound (1)]
  1410 | D:3      | Slain by a hound

Skill      XL: |  1  2 |
---------------+-------+-----
Crossbows      | 5 |  5.3
Short Blades   | 1 |  1.4
Fighting       | |  2.6
Armour         | |  0.7
Dodging        | |  2.9
Stealth        | |  1.3

Action                   || total
-------------------------++-------
Melee: Short sword       ||    63
 Fire: Hand crossbow     ||    45
Evoke: Wand              ||     2
  Eat: Chunk             ||     9
Armor: Scale mail        ||    34
Dodge: Dodged            ||    62
